 Dungeon Crawl Stone Soup version 0.27.0-1-g7a089689b8 (webtiles) character file.

Game seed: 12468909175606459361

8612 Malachi the Carver (level 11, -3/56 HPs)
             Began as a Vine Stalker Fighter on Aug 15, 2021.
             Was an Elder of Zin.
             Killed from afar by an oklob plant (13 damage)
             ... with a splash of acid
             ... on level 11 of the Dungeon.
             The game lasted 00:21:50 (10760 turns).

Malachi the Carver (Vine Stalker Fighter)          Turns: 10760, Time: 00:21:51

Health: -3/56      AC: -2    Str: 25    XL:     11   Next: 33%
Magic:  0/16       EV: 34    Int:  8    God:    Zin [****..]
Gold:   405        SH: 13    Dex: 15    Spells: 10/10 levels left

rFire    + . .     SeeInvis .   a - +5 long sword (flame)
rCold    + . .     Faith    .   c - +2 kite shield
rNeg     . . .     Spirit   +   L - +0 troll leather armour
rPois    .         Reflect  .   (no helmet)
rElec    .         Harm     .   H - scarf {rC+ rF+}
rCorr    .         Rampage  .   (no gloves)
Will     +....                  (no boots)
Stlth    +++.......             p - amulet of the acrobat
HPRegen  2.18/turn              F - +4 ring of evasion
MPRegen  0.15/turn              q - +4 ring of evasion

@: corroded, acrobatic
A: fangs 3, regeneration 1, magic shield, antimagic bite, no potion heal 2, thin
skeletal structure 1, sense surroundings 1, strong 1
a: Renounce Religion, Recite, Vitalisation, Imprison, Donate Gold


You were on level 11 of the Dungeon.
You worshipped Zin.
Zin was greatly pleased with you.
You visited 2 branches of the dungeon, and saw 12 of its levels.
You also visited: Sewer and Ossuary.

You collected 1701 gold pieces.
You spent 1251 gold pieces at shops.
You donated 45 gold pieces to Zin.

Inventory:

Hand Weapons
 a - a +5 long sword of flaming (weapon)
 k - a +2 short sword of venom
Missiles
 E - 3 throwing nets (quivered)
Armour
 b - a +0 scale mail
 c - a +2 kite shield (worn)
 A - the +1 robe of the Barnacle {rPois SInv}
   (You bought it in a shop on level 5 of the Dungeon)

   rPois:     It protects you from poison.
   SInv:      It lets you see invisible.
 H - a scarf of resistance (worn)
 L - a +0 troll leather armour (worn)
Jewellery
 h - a +6 ring of strength
 i - a ring of wizardry
 o - a +6 ring of dexterity
 p - an amulet of the acrobat (around neck)
 q - a +4 ring of evasion (right hand)
 C - a ring of wizardry
 D - a ring of flight
 F - a +4 ring of evasion (left hand)
Wands
 r - a wand of flame (31)
 z - a wand of paralysis (18)
 I - a wand of iceblast (10)
Scrolls
 e - 2 scrolls of blinking
 g - 6 scrolls of teleportation
 j - 3 scrolls of amnesia
 m - 4 scrolls of identify
 v - 3 scrolls of magic mapping
 y - a scroll of fear
 B - 2 scrolls of enchant armour
 J - a scroll of holy word
Potions
 d - 3 potions of might
 f - 5 potions of flight
 l - 2 potions of ambrosia
 n - 11 potions of curing
 s - a potion of magic
 t - 3 potions of berserk rage
 u - a potion of attraction
 w - 2 potions of haste
 x - a potion of invisibility
 G - a potion of resistance
 K - a potion of degeneration {unknown}


   Skills:
 + Level 5.9 Fighting
 + Level 9.6 Long Blades
 + Level 6.7 Armour
 + Level 3.3 Dodging
 - Level 1.2 Stealth
 + Level 7.2 Shields
 * Level 5.8 Invocations


You had 10 spell levels left.
You didn't know any spells.
Your spell library contained the following spells:

 Spells                   Type           Power      Damage    Failure   Level
 Animate Skeleton         Necr           0%         N/A       80%         1
 Apportation              Tloc           0%         N/A       80%         1
 Corona                   Hex            0%         N/A       80%         1
 Magic Dart               Conj           0%         1d3       80%         1
 Sting                    Tmut/Pois      0%         1d3       80%         1
 Summon Small Mammal      Summ           0%         N/A       80%         1
 Ensorcelled Hibernation  Hex/Ice        0%         N/A       90%         2
 Poisonous Vapours        Pois/Air       0%         N/A       90%         2
 Searing Ray              Conj           0%         3d3       90%         2
 Sublimation of Blood     Necr           0%         N/A       90%         2
 Spider Form              Tmut/Pois      0%         N/A       99%         3
 Tukima's Dance           Hex            0%         N/A       99%         3
 Fulminant Prism          Conj/Hex       0%         3d6       100%        4
 Olgreb's Toxic Radiance  Pois           0%         N/A       100%        4
 Petrify                  Tmut/Erth      0%         N/A       100%        4
 Irradiate                Conj/Tmut      0%         3d13      100%        5
 Shadow Creatures         Summ           N/A        N/A       100%        6


Dungeon Overview and Level Annotations

Branches:
Dungeon (11/15)            Temple (1/1) D:4            Lair (0/6) D:11
  Sewer (visited)         Ossuary (visited)
    Orc: D:9-12

Altars:
Ashenzari
Cheibriados
Dithmenos
Elyvilon
Fedhas
Gozag
Hepliaklqana
Kikubaaqudgha
Makhleb
Nemelex Xobeh
Okawaru
Qazlal
Ru
Sif Muna
Trog
Uskayaw
Vehumet
Wu Jian
Xom
Yredelemnul
Zin
The Shining One

Shops:
D:2 !   D:3 *??   D:5 *   D:8 [

Annotations:
D:11 exclusion: oklob plant


Innate Abilities, Weirdness & Mutations

You have razor-sharp teeth.
Your natural rate of healing is unusually fast.
When hurt, damage is shared between your health and your magic reserves.
Your bite disrupts and absorbs the magic of your enemies.
Potions cannot restore your health.
You have a somewhat thin skeletal structure. (Dex +2, Stealth+)
You passively map a small area around you.
Your muscles are strong. (Str +2)


Message History

You hit the oklob plant but do no damage.
You bite the oklob plant. You drain its power.
The oklob plant is lightly damaged.
You hit the oklob plant. You burn the oklob plant.
The oklob plant is lightly damaged.
The oklob plant spits acid at you. The splash of acid hits you.
You are splashed with acid!
You hit the oklob plant. You burn the oklob plant.
The oklob plant is lightly damaged.
You hit the oklob plant but do no damage.
The oklob plant is lightly damaged.
You slash the oklob plant! You burn the oklob plant. You bite the oklob plant.
You drain its power.
You feel invigorated.
The oklob plant is heavily damaged.
You hit the oklob plant but do no damage.
You bite the oklob plant. You drain its power.
You feel invigorated.
The oklob plant is heavily damaged.
The oklob plant spits acid at you. The splash of acid hits you!
The acid corrodes you!
You are splashed with acid!
You hit the oklob plant. You burn the oklob plant.
You bite the oklob plant, but do no damage.
The oklob plant is heavily damaged.
The oklob plant spits acid at you. You block the splash of acid.
You hit the oklob plant. You burn the oklob plant.
You bite the oklob plant, but do no damage.
The oklob plant is severely damaged.
You hit the oklob plant. You burn the oklob plant.
The oklob plant is severely damaged.
The oklob plant spits acid at you. The splash of acid hits you.
The acid corrodes you!
You are splashed with acid!
You hit the oklob plant. You burn the oklob plant.
You bite the oklob plant, but do no damage.
The oklob plant is severely damaged.
The oklob plant spits acid at you. The splash of acid hits you!
You are splashed with acid!
* * * LOW HITPOINT WARNING * * *
The oklob plant spits acid at you. The splash of acid hits you!
You die...

..........##.............,
...........†......(......
.........................
, ,
..........##....(........
** ,
............(^...........
...........###...........
,,
........#...≈...#........
, ,
.......#..#...#..#.......
,,
..######.##P.P##@####....
..# ...PPPP..# .... ..#
≈..P>P..≈# ... ..#
...PPP...# .. , .##...##.#
, , , #... ..#* , ...≈.
.#., , ...## .,. , , * ...
, ..


You could see an oklob plant.

Vanquished Creatures
  Harold (D:7)
  2 two-headed ogres (D:10)
  A cyclops (D:11)
  A centaur zombie (D:10)
  A troll (D:11)
  Grinder (D:3)
  A hornet (D:10)
  A shadow (D:11)
  A yak (D:10)
  A wraith (Ossuary)
  Eustachio (D:6)
  A spriggan (D:10)
  A steam dragon (D:9)
  A vampire mosquito (D:10)
  Menkaure (D:6)
  Duvessa (D:6)
  2 water moccasins
  A hornet zombie (D:9)
  2 orc warriors
  A sky beast (D:8)
  An ice beast (D:7)
  A black bear (D:6)
  2 necrophages
  3 centaurs
  2 ogres
  2 kobold brigands
  2 bullfrogs (D:9)
  A scorpion (D:5)
  3 gnoll sergeants
  Dowan (D:6)
  A water moccasin skeleton (D:7)
  9 killer bees
  8 wights
  5 howler monkeys (D:9)
  3 centaur skeletons
  3 gnoll shamans
  5 orc priests
  A hound (D:4)
  4 jellies
  Crazy Yiuf (D:7)
  An iguana (D:5)
  8 orc wizards
  2 killer bee zombies (D:8)
  A mummy (Ossuary)
  2 howler monkey zombies
  8 adders
  23 gnolls
  A river rat (Sewer)
  3 white imps
  A worm (D:2)
  A dart slug (D:3)
  28 orcs
  An endoplasm (D:1)
  7 giant cockroaches
  8 goblins
  4 hobgoblins
  4 jackals
  13 kobolds
  4 quokkas
  4 ball pythons
  3 bats
  A frilled lizard (D:2)
  7 gnoll skeletons (Ossuary)
  7 kobold skeletons (Ossuary)
  11 orc skeletons (Ossuary)
  9 rats
243 creatures vanquished.

Notes
Turn   | Place    | Note
-------+----------+-------------------------------------------
     0 | D:1      | Malachi the Vine Stalker Fighter began the quest for the
                  | Orb.
     0 | D:1      | Reached XP level 1. HP: 11/11 MP: 2/2
   436 | D:1      | Reached XP level 2. HP: 15/16 MP: 1/3
   828 | D:2      | Reached skill level 2 in Long Blades
  1012 | D:2      | Reached XP level 3. HP: 7/20 MP: 2/4
  1339 | D:2      | Found a faded altar of an unknown god.
  1369 | D:2      | Found Jacvaiv's Distillery.
  1435 | D:2      | Gained mutation: Your natural rate of healing is unusually
                  | fast. [Vine Stalker growth]
  1435 | D:2      | Reached XP level 4. HP: 21/24 MP: 5/5
  1947 | D:2      | Gained mutation: You are clumsy. (Dex -2) [potion of
                  | mutation]
  1947 | D:2      | Gained mutation: Your flesh is heat resistant. (rF+)
                  | [potion of mutation]
  1947 | D:2      | Gained mutation: You are partially covered in iridescent
                  | scales. (AC +2) [potion of mutation]
  2023 | D:3      | Reached XP level 5. HP: 28/28 MP: 6/6
  2049 | D:3      | Lost mutation: You are clumsy. (Dex -2) [potion of
                  | mutation]
  2049 | D:3      | Lost mutation: Your flesh is heat resistant. (rF+) [potion
                  | of mutation]
  2049 | D:3      | Gained mutation: You are frail. (-10% HP) [potion of
                  | mutation]
  2049 | D:3      | Gained mutation: You expend magic power (3 MP) to
                  | strengthen your wands. [potion of mutation]
  2049 | D:3      | Lost mutation: You expend magic power (3 MP) to strengthen
                  | your wands. [potion of mutation]
  2050 | D:3      | Lost mutation: You are partially covered in iridescent
                  | scales. (AC +2) [potion of mutation]
  2050 | D:3      | Lost mutation: You are frail. (-10% HP) [potion of
                  | mutation]
  2050 | D:3      | Gained mutation: You are frail. (-10% HP) [potion of
                  | mutation]
  2111 | D:3      | Noticed Grinder
  2118 | D:3      | Killed Grinder
  2119 | D:3      | Reached skill level 3 in Long Blades
  2119 | D:3      | Reached XP level 6. HP: 28/28 MP: 7/7
  2161 | D:3      | Found Varefroo's Assorted Antiques.
  2572 | D:3      | Found Tex Haept's Magic Scroll Shoppe.
  2784 | D:3      | Found Oviutt's Magic Scroll Boutique.
  2940 | D:4      | Found a sand-covered staircase.
  2950 | Ossuary  | Entered an ossuary
  2950 | Ossuary  | Noticed a wraith
  2950 | Ossuary  | Noticed a wraith
  2950 | Ossuary  | Noticed a wraith
  2997 | Ossuary  | Noticed a wraith
  3009 | Ossuary  | Killed a wraith
  3010 | Ossuary  | Reached skill level 4 in Long Blades
  3010 | Ossuary  | Reached skill level 1 in Dodging
  3010 | Ossuary  | Reached XP level 7. HP: 25/33 MP: 4/8
  3180 | D:4      | Found a glowing drain.
  3191 | Sewer    | Entered a sewer
  3286 | Sewer    | Found a white marble altar of Elyvilon.
  3418 | D:4      | Reached skill level 5 in Long Blades
  3440 | D:4      | Found a staircase to the Ecumenical Temple.
  3484 | D:4      | Gained mutation: You have razor-sharp teeth. [Vine Stalker
                  | growth]
  3484 | D:4      | Reached XP level 8. HP: 37/37 MP: 7/9
  3517 | D:4      | Identified a scroll of acquirement
  3548 | D:4      | Acquired 1156 gold pieces
  3889 | D:3      | Bought a scroll of blinking for 75 gold pieces
  3889 | D:3      | Bought a scroll of teleportation for 30 gold pieces
  3891 | D:3      | Bought a scroll of enchant weapon for 75 gold pieces
  3892 | D:3      | Bought a scroll of enchant armour for 75 gold pieces
  3971 | D:3      | Bought a scroll of teleportation for 39 gold pieces
  3971 | D:3      | Bought a scroll of teleportation for 39 gold pieces
  4059 | D:3      | Bought a jade ring for 90 gold pieces
  4059 | D:3      | Bought a scroll labelled JEASHR RUGAI for 18 gold pieces
  4315 | D:2      | Bought 2 potions of berserk rage for 100 gold pieces
  4315 | D:2      | Bought 2 potions of berserk rage for 100 gold pieces
  4315 | D:2      | Bought a potion of might for 40 gold pieces
  4315 | D:2      | Bought a potion of might for 40 gold pieces
  4315 | D:2      | Bought a potion of invisibility for 80 gold pieces
  4315 | D:2      | Bought a potion of curing for 30 gold pieces
  4315 | D:2      | Bought 2 potions of curing for 60 gold pieces
  4370 | D:5      | Entered Level 5 of the Dungeon
  4473 | D:5      | Found Vewk's Assorted Antiques.
  4481 | D:5      | Bought a shiny brass wand for 84 gold pieces
  4481 | D:5      | Bought a creamy pearl robe for 119 gold pieces
  4481 | D:5      | Identified the +1 robe of the Barnacle {rPois SInv} (You
                  | bought it in a shop on level 5 of the Dungeon)
  4481 | D:5      | Bought a scroll of enchant armour for 157 gold pieces
  4578 | D:5      | Found an iron altar of Okawaru.
  4608 | D:5      | Reached skill level 6 in Long Blades
  4860 | D:5      | Reached skill level 5 in Shields
  4902 | D:5      | Reached skill level 1 in Stealth
  4922 | Temple   | Entered the Ecumenical Temple
  5041 | Temple   | Became a worshipper of Zin the Law-Giver
  5565 | D:6      | Noticed Eustachio
  5608 | D:6      | Killed Eustachio
  5609 | D:6      | Reached XP level 9. HP: 34/41 MP: 10/10
  5645 | D:6      | Noticed Dowan
  5646 | D:6      | Noticed Duvessa
  5659 | D:6      | Killed Duvessa
  5660 | D:6      | Reached skill level 5 in Armour
  5663 | D:6      | Reached skill level 1 in Invocations
  5673 | D:6      | Killed Dowan
  5879 | D:6      | Noticed Menkaure
  5885 | D:6      | Killed Menkaure
  6451 | D:7      | Reached skill level 7 in Long Blades
  6506 | D:7      | Reached * piety under Zin
  6649 | D:7      | Noticed Harold
  6662 | D:7      | Killed Harold
  6663 | D:7      | Reached skill level 5 in Fighting
  6663 | D:7      | Reached XP level 10. HP: 40/45 MP: 9/13
  6687 | D:7      | Lost mutation: You are frail. (-10% HP) [potion of
                  | mutation]
  6687 | D:7      | Gained mutation: You have a somewhat thin skeletal
                  | structure. (Dex +2, Stealth+) [potion of mutation]
  6687 | D:7      | Gained mutation: You passively map a small area around you.
                  | [potion of mutation]
  6687 | D:7      | Gained mutation: Your muscles are strong. (Str +2) [potion
                  | of mutation]
  6939 | D:7      | Reached skill level 8 in Long Blades
  7260 | D:7      | Found a runed translucent door.
  7261 | D:7      | Noticed Crazy Yiuf
  7394 | D:7      | Killed Crazy Yiuf
  7440 | D:8      | Found Hoerreseps's Antique Armour Shoppe.
  8782 | D:9      | Reached ** piety under Zin
  8995 | D:9      | Reached *** piety under Zin
  9043 | D:9      | Identified the +0 ring mail of the Beginning {rElec}
  9411 | D:10     | Entered Level 10 of the Dungeon
  9504 | D:10     | Noticed a two-headed ogre
  9512 | D:10     | Killed a two-headed ogre
  9513 | D:10     | Reached skill level 9 in Long Blades
  9513 | D:10     | Reached skill level 5 in Invocations
  9518 | D:10     | Reached XP level 11. HP: 44/56 MP: 15/15
  9742 | D:10     | Noticed a two-headed ogre
  9755 | D:10     | Killed a two-headed ogre
  9910 | D:10     | Reached **** piety under Zin
 10473 | D:11     | Noticed a cyclops
 10478 | D:11     | Killed a cyclops
 10748 | D:11     | Found a staircase to the Lair.
 10748 | D:11     | Noticed an oklob plant
 10760 | D:11     | Killed from afar by an oklob plant

Illustrated notes

Levels and vault maps discovered:
D:1:      dpeg_arrival_tiny_f, layout_basic
D:2:      layout_basic, shapermc_ecumenical_altar_venn, serial_shops, shop
D:3:      layout_basic, serial_shops, shop, shop, nicolae_diamond_shop,
          uniq_grinder
D:4:      layout_rooms, minmay_temple_entry_mist, portal_sewer_entry_f,
          chequers_ossuary_entry_cave, serial_glass, glass_columns_a,
          glass_columns_a
D:5:      layout_loops_corners, mainiacjoe_overflow_paths, serial_shops,
          nicolae_shop_statue_plus, minmay_misc_feat_nine_boxes,
          kennysheep_generic_room_11
D:6:      layout_basic, chequers_arboretum, uniq_duvessa, uniq_eustachio,
          uniq_menkaure
D:7:      layout_loops_corners, uniq_harold, uniq_crazy_yiuf_cottage
D:8:      layout_layer_cave, serial_shops, nicolae_stop_n_shop_1
D:9:      layout_basic, eino_small_chamber_without_monster, hangedman_decor_push
D:10:     layout_roguey, st_stairs_1, the_hattery
D:11:     layout_basic, dpeg_oklobed_lair
Temple:   nicolae_temple_the_god_donut

Skill      XL: |  1  2  3  4  5  6  7  8  9 10 11 |
---------------+----------------------------------+-----
Fighting       | 3 4 5 |  5.9
Long Blades    | 2 3 4 5 6 7 9 |  9.6
Shields        | 3 4 5 6 7 |  7.2
Armour         | 3 4 5 6 |  6.7
Dodging        | 1 2 3 |  3.3
Stealth        | 1 |  1.2
Invocations    | 3 5 |  5.8

Action                   |  1- 3 |  4- 6 |  7- 9 | 10-12 || total
-------------------------+-------+-------+-------+-------++-------
Melee: Long sword        |    44 |    95 |   253 |   218 ||   610
       Bite              |    12 |    49 |   106 |   102 ||   269
Invok: Recite            |       |       |       |     2 ||     2
Evoke: Wand              |       |       |     1 |       ||     1
  Use: Scroll            |       |     7 |    14 |     3 ||    24
       Potion            |       |     9 |     8 |     2 ||    19
 Stab: Sleeping          |       |       |       |     1 ||     1
Armor: Scale mail        |    14 |    40 |    84 |    40 ||   178
       Skin              |       |       |    28 |       ||    28
Dodge: Dodged            |     6 |    31 |   118 |   154 ||   309
Block: Kite shield       |    22 |    61 |   195 |   196 ||   474
       Rpst.: Long sword |     1 |     9 |    34 |    30 ||    74
